 Seeded DCSS version 0.28.0 (webtiles) character file.

Game seed: 12455045527757981411 (custom seed)

484 Illumine the Cudgeller (level 6, -4/56 HPs)
             Began as a Minotaur Berserker on Apr 10, 2022.
             Was a Priest of Trog.
             Slain by a gnoll (12 damage)
             ... on level 4 of the Dungeon.
             The game lasted 00:04:02 (4065 turns).

Illumine the Cudgeller (Minotaur Berserker)         Turns: 4065, Time: 00:04:03

Health: -4/56      AC:  9    Str: 24    XL:     6   Next: 88%
Magic:  5/5        EV:  8    Int:  4    God:    Trog [***...]
Gold:   215        SH:  0    Dex:  9    Spells: 5/5 levels left

rFire   . . .      SeeInvis .   u - +1 war axe (flame)
rCold   . . .      Faith    .   (no shield)
rNeg    . . .      Spirit   .   q - +0 chain mail
rPois   .          Reflect  .   i - +0 hat
rElec   .          Harm     .   (no cloak)
rCorr   .          Rampage  .   (no gloves)
Will    .....                   (no boots)
Stlth   ..........              (no amulet)
HPRegen 0.18/turn               (no ring)
MPRegen 0.09/turn               (no ring)

@: no status effects
A: horns 2, retaliatory headbutt
a: Renounce Religion, Berserk, Trog's Hand


You were on level 4 of the Dungeon.
You worshipped Trog.
Trog was most pleased with you.
You visited 1 branch of the dungeon, and saw 4 of its levels.

You collected 215 gold pieces.

Inventory:

Hand Weapons
 o - a +3 flail
 u - a +1 war axe of flaming (weapon)
Missiles
 f - 121 stones
 m - 40 sling bullets
 s - 5 poisoned darts (quivered)
Armour
 i - a +0 hat (worn)
 q - a +0 chain mail (worn)
Wands
 t - a wand of paralysis (13)
Scrolls
 a - a scroll of enchant weapon {unknown}
 b - a scroll of teleportation {unknown}
 h - 2 scrolls of identify {unknown}
 k - a scroll of noise {unknown}
 n - a scroll of fear {unknown}
 p - a scroll of summoning {unknown}
 r - a scroll of fog {unknown}
Potions
 c - 2 potions of haste {unknown}
 d - a potion of invisibility {unknown}
 e - a potion of resistance {unknown}
 g - a potion of flight {unknown}
 j - 3 potions of lignification {unknown}
 l - a potion of mutation {unknown}
 v - a potion of magic {unknown}


   Skills:
 + Level 5.2 Fighting
 * Level 7.8 Maces & Flails
 + Level 3.7 Armour
 - Level 2.1 Dodging
 + Level 1.2 Evocations


You had 5 spell levels left.
You didn't know any spells.
Your spell library was empty.

Dungeon Overview and Level Annotations

Branches:
Dungeon (4/15)             Temple (0/1) D:4

Altars:

Shops:
D:2 *


Innate Abilities, Weirdness & Mutations

You have a pair of horns on your head.
You reflexively headbutt those who attack you in melee.


Message History

The gnoll hits you from afar with a +0 halberd.
The gnoll hits you with a +0 halberd!
You hit the gnoll. You burn the gnoll.
The gnoll is moderately wounded.
A gnoll comes into view.
It is wielding a +4 halberd of protection.
The gnoll barely misses you.
You barely miss the gnoll.
The gnoll shouts!
Your headbutt misses the gnoll.
The gnoll is moderately wounded.
You hear a shout!
The gnoll hits you with a +0 halberd.
You hit the gnoll. You burn the gnoll.
The gnoll is severely wounded.
The gnoll hits you with a +0 halberd.
You slash the gnoll! You burn the gnoll.
You kill the gnoll!
Trog accepts your kill.
The gnoll hits you from afar with a +4 halberd of protection.
The gnoll hits you with a +0 club.
You barely miss the gnoll. The gnoll hits you but does no damage.
You hit the gnoll. You burn the gnoll. Your headbutt misses the gnoll.
The gnoll is moderately wounded.
The gnoll closely misses you.
You closely miss the gnoll. You headbutt the gnoll.
The gnoll is heavily wounded.
The gnoll hits you with a +0 club. The gnoll barely misses you.
You slash the gnoll! You burn the gnoll.
You kill the gnoll!
Trog accepts your kill. The gnoll barely misses you.
The gnoll hits you with a +4 halberd of protection!
You see here a +0 club.
You completely miss the gnoll. Your headbutt misses the gnoll.
The gnoll hits you with a +4 halberd of protection!
* * * LOW HITPOINT WARNING * * *
You closely miss the gnoll. You headbutt the gnoll.
The gnoll is lightly wounded.
The gnoll hits you with a +4 halberd of protection!
You die...

#.#.# ## #...#.§≈§.# ## #
#...#§§§≈.# .# ##.#.#§§§.. ..####
#....##...##.......
#.#...#...#|............#
#.##..##.##........).....
#########g##...#.#.....8...8.8.8.
..........##...g@................
..........###..........8.......8.
#########.#..........[...........
## ##)....#.#.............8. .#
#....##.##.............# .#
##...#...#....8......... ##
#..##...##............. #
#########.#..≈..#.#.8.8.8.8.8. #
##.........#.≈≈≈.#.##.....##...


You could see a gnoll.

Vanquished Creatures
  An ice beast (D:4)
  A phantom (D:4)
  A scorpion (D:4)
  Crazy Yiuf (D:3)
  An iguana (D:4)
  Ijyb (D:4)
  6 gnolls
  4 adders
  A white imp (D:4)
  An adder skeleton (D:4)
  2 dart slugs
  2 orcs (D:3)
  8 ball pythons
  6 endoplasms
  3 giant cockroaches
  10 hobgoblins
  A jackal (D:3)
  5 kobolds
  3 quokkas
  4 bats
  5 frilled lizards
  7 goblins
  4 rats
78 creatures vanquished.

Notes
Turn   | Place    | Note
-------+----------+-------------------------------------------
     0 | D:1      | Illumine the Minotaur Berserker began the quest for the
                  | Orb.
     0 | D:1      | Reached XP level 1. HP: 19/19 MP: 0/0
    47 | D:1      | Reached skill level 4 in Maces & Flails
   333 | D:1      | Reached XP level 2. HP: 24/26 MP: 1/1
   671 | D:1      | Found a faded altar of an unknown god.
  1542 | D:2      | Reached skill level 5 in Maces & Flails
  1551 | D:2      | Reached XP level 3. HP: 31/31 MP: 2/2
  1679 | D:2      | Reached ** piety under Trog
  1690 | D:2      | Found Nuelawn's Assorted Antiques.
  2151 | D:3      | Found a runed translucent door.
  2152 | D:3      | Noticed Crazy Yiuf
  2209 | D:3      | Reached XP level 4. HP: 40/40 MP: 3/3
  2231 | D:3      | Reached skill level 6 in Maces & Flails
  2906 | D:3      | Killed Crazy Yiuf
  2907 | D:3      | Reached XP level 5. HP: 13/46 MP: 4/4
  3301 | D:4      | Noticed Ijyb
  3306 | D:4      | Reached skill level 7 in Maces & Flails
  3312 | D:4      | Killed Ijyb
  3312 | D:4      | Reached *** piety under Trog
  3397 | D:4      | Reached XP level 6. HP: 54/55 MP: 5/5
  3453 | D:4      | Found a staircase to the Ecumenical Temple.
  3581 | D:4      | Reached skill level 5 in Fighting
  3585 | D:4      | Noticed an ice beast
  3595 | D:4      | Killed an ice beast
  3596 | D:4      | Reached skill level 1 in Evocations
  4065 | D:4      | Slain by a gnoll

Illustrated notes

Levels and vault maps discovered:
D:1:      heliophobic_arrival_enchanted_forest, layout_loops_corners,
          nicolae_ecumenical_lake_church, minmay_misc_feat_room
D:2:      layout_loops_ring, serial_shops, nicolae_shop_advertising_works
          [nicolae_subvault_shop_adworks], uniq_natasha, uniq_sigmund
D:3:      layout_rooms, hangedman_abyss_or_decor_stabs, chequers_arboretum,
          minmay_fractal_squares_diagonal_5, uniq_crazy_yiuf_cottage
D:4:      layout_cave_pods, lemuel_temple_firewalk_b, serial_column_ruins,
          column_ruins_square_large, column_ruins_hut_pillars,
          column_ruins_grid_1, column_ruins_open_small, column_ruins_grid_1,
          minmay_fire_ice_demons, uniq_ijyb

Skill      XL: |  1  2  3  4  5  6 |
---------------+-------------------+-----
Maces & Flails | 4 5 6 7 |  7.8
Armour         | 3 |  3.7
Fighting       | 4 5 |  5.2
Evocations     | 1 |  1.2
Dodging        | |  2.1

Action                   |  1- 3 |  4- 6 || total
-------------------------+-------+-------++-------
Melee: Mace              |    86 |    10 ||    96
       Headbutt          |     7 |    12 ||    19
       Flail             |       |    62 ||    62
       War axe           |       |    22 ||    22
Throw: Stone             |     2 |     2 ||     4
       Dart              |       |     2 ||     2
 Stab: Sleeping          |     1 |       ||     1
Armor: Animal skin       |     6 |       ||     6
       Scale mail        |    22 |    19 ||    41
       Chain mail        |       |    18 ||    18
Dodge: Dodged            |    55 |    50 ||   105
